Map: Echo LE (Void)

Players

Fropez - Winner!

  • Race: Protoss Protoss
  • League: Gold
  • Spawn Location: 5:00

Culdesac

  • Race: Zerg Zerg
  • Spawn Location: 11:00

VOD

Have the link to the VOD?

Description

Time

  • Played on: Jan. 9, 2017, 2:51 p.m.
  • Length: 9:11
Show
View Real Time Build Order
Export as new Build Order

Fropez Protoss - Winner!

Build Orders:  

Get SALT Encoding   

  12  0:01  Probe (Chrono Boost)  
  13  0:11  Probe (Chrono Boost)  
  14  0:22  Probe (Chrono Boost)  
  14  0:23  Pylon  
  15  0:41  Probe (Chrono Boost)  
  16  0:44  Gateway  
  16  0:47  Assimilator  
  16  0:52  Probe (Chrono Boost)  
  17  1:07  Probe (Chrono Boost)  
  18  1:18  Probe (Chrono Boost)  
  19  1:29  Probe (Chrono Boost)  
  20  1:34  Cybernetics Core  
  21  1:40  Probe (Chrono Boost)  
  21  1:45  Nexus  
  21  1:54  Probe (Chrono Boost)  
  21  1:58  Assimilator  
  21  2:00  Warp Gate  
  22  2:20  Probe (Chrono Boost)  
  22  2:21  Pylon  
  23  2:38  Pylon  
  23  2:39  Adept  
  23  2:42  Mothership Core (Chrono Boost)  
  27  2:48  Pylon  
  27  3:02  Probe (Chrono Boost)  
  28  3:07  Pylon  
  28  3:08  Probe (Chrono Boost)  
  30  3:14  Probe (Chrono Boost)  
  30  3:16  Gateway  
  30  3:17  Gateway  
  29  3:27  Robotics Facility  
  30  3:34  Pylon  
  30  3:35  Probe (Chrono Boost)  
  30  3:38  Probe (Chrono Boost)  
  31  3:47  Probe (Chrono Boost)  
  32  3:51  Twilight Council  
  32  3:52  Probe (Chrono Boost)  
  33  3:59  Probe (Chrono Boost)  
  33  4:00  Assimilator  
  34  4:09  Adept  
  36  4:13  Warp Prism  
  39  4:25  Probe (Chrono Boost)  
  40  4:31  Probe (Chrono Boost)  
  40  4:34  Adept x3  
  40  4:37  Probe (Chrono Boost)  
  47  4:39  Gateway  
  47  4:44  Probe (Chrono Boost)  
  48  4:49  Observer, Probe (Chrono Boost)  
  48  4:51  Resonating Glaives  
  48  4:59  Probe (Chrono Boost)  
  49  5:01  Probe (Chrono Boost)  
  49  5:06  Forge  
  50  5:11  Probe (Chrono Boost)  
  51  5:22  Adept x2  
  57  5:29  Probe x2 (Chrono Boost)  
  57  5:30  Assimilator  
  57  5:32  Pylon  
  57  5:33  Protoss Ground Weapons Level 1  
  57  5:36  Pylon  
  57  5:41  Pylon, Probe x2 (Chrono Boost)  
  57  5:42  Gateway x2  
  59  5:56  Photon Cannon  
  57  6:11  Photon Cannon  
  57  6:16  Pylon  
  57  6:18  Pylon  
  46  6:27  Adept x3  
  41  6:41  Adept x2  
  41  6:45  Probe x2 (Chrono Boost)  
  46  6:58  Adept x3  
  51  7:09  Adept x2  
  53  7:24  Adept  
  53  7:26  Adept  
  55  7:40  Adept x3  
  61  7:49  Pylon  
  61  7:51  Pylon  
  56  8:13  Immortal  
  59  8:26  Adept  
  61  8:27  Adept x4  
  69  8:52  Adept x4  
  69  8:53  Adept  
Show
View Real Time Build Order
Export as new Build Order

Culdesac Zerg 

Build Orders: Pool First 

Get SALT Encoding   

  12  0:01  Drone  
  13  0:09  Drone  
  14  0:18  Extractor, Drone  
  15  0:27  Overlord  
  15  0:41  Spawning Pool  
  14  0:49  Extractor  
  13  0:53  Drone  
  13  0:54  Drone  
  13  0:56  Drone  
  16  1:10  Drone  
  17  1:26  Hatchery  
  16  1:38  Drone  
  16  1:39  Drone  
  18  1:45  Drone  
  19  1:49  Queen  
  21  1:55  Drone  
  21  2:01  Metabolic Boost  
  22  2:11  Overlord  
  22  2:17  Overlord  
  22  2:24  Evolution Chamber  
  21  2:32  Drone  
  21  2:35  Drone  
  23  2:38  Extractor  
  23  2:40  Queen  
  23  2:43  Drone  
  25  2:52  Zergling x4  
  27  3:00  Zergling x2  
  27  3:01  Zergling x2  
  29  3:06  Queen  
  29  3:09  Zergling x2  
  29  3:12  Zergling x2  
  33  3:23  Zerg Ground Armor Level 1  
  33  3:28  Overlord  
  33  3:30  Zergling x2  
  34  3:36  Zergling x2  
  34  3:37  Zergling x2  
  34  3:41  Zergling x2  
  37  3:56  Zergling x6  
  40  4:05  Drone  
  40  4:07  Drone  
  40  4:09  Lair  
  42  4:18  Baneling Nest  
  39  4:59  Zergling x18  
  51  5:00  Zergling x6  
  51  5:11  Overlord  
  51  5:12  Overlord  
  50  5:26  Baneling  
  50  5:27  Baneling x10  
  50  5:34  Zerg Melee Weapons Level 1  
  50  5:42  Centrifical Hooks  
  50  5:50  Baneling x2  
  50  5:51  Baneling x2  
  36  6:33  Zergling x2  
  36  6:34  Zergling x24  
  49  6:44  Zergling x4  
  49  6:46  Zergling x4  
  52  6:58  Zergling x4  
  19  7:33  Zergling x2  
  19  7:34  Zergling x10  
  17  7:45  Zergling x2  
  12  8:15  Drone x5  
  12  8:19  Drone  
  18  8:39  Baneling  
  18  8:40  Baneling x3  
Tags
 
League
Gold
Matchup
PvZ
Opening
Pool First
Replay Pack
All Mines
Spawn Locations
Cross Positions
Add a new tag
Caveats
  • Supply blocks, unpowered buildings, or Contaminate may cause inaccurate times.
  • Supply counts are checked every 10 seconds.